 Dungeon Crawl Stone Soup version 0.17.2 (webtiles) character file.

101 Goblin1989 the Insei (level 4, 0/35 HPs)
             Began as a Demonspawn Monk on July 5, 2016.
             Was a Follower of Ru.
             Succumbed to an orc priest's poison
             ... on level 3 of the Dungeon.
             The game lasted 00:06:17 (2419 turns).

Goblin1989 the Insei (Demonspawn Monk)              Turns: 2419, Time: 00:06:17

Health: 0/35       AC:  4    Str: 13    XL:     4   Next: 48%
Magic:  4/4        EV: 13    Int: 11    God:    Ru [*.....]
Gold:   142        SH:  0    Dex: 15    Spells: 0 memorised, 3 levels left

rFire  . . .     SeeInvis .       - Unarmed
rCold  . . .     Clarity  .     a - +0 robe
rNeg   . . .     SustAt   .     (no shield)
rPois  .         Gourm    .     (no helmet)
rElec  .         Spirit   .     (no cloak)
rCorr  .         Warding  .     (no gloves)
rMut   .         Stasis   .     (no boots)
MR     .....                    (no amulet)
Stlth  ++........               (no ring)
                                (no ring)

@: lethally poisoned (0 -> -17), not resistant to hostile enchantments,
unstealthy
A: yellow scales 1, hated by all
a: Renounce Religion


You were on level 3 of the Dungeon.
You worshipped Ru.
Ru was aware of your devotion.
You were hungry.

You visited 1 branch of the dungeon, and saw 3 of its levels.

You collected 142 gold pieces.

Inventory:

Armour
 a - a +0 robe (worn)
Jewellery
 l - an uncursed amulet of the gourmand {unknown}
 n - an uncursed amulet of regeneration {unknown}
Scrolls
 d - a scroll of remove curse {unknown}
 e - a scroll of recharging {unknown}
 f - a scroll of random uselessness {unknown}
 h - a scroll of teleportation {unknown}
Potions
 c - a potion of degeneration {unknown}
 g - 2 potions of curing {unknown}
 p - a potion of berserk rage {unknown}
 r - 2 potions of mutation {unknown}
Comestibles
 b - 2 bread rations
 k - 2 royal jellies
 o - a slice of pizza
 q - 2 meat rations


   Skills:
 - Level 3.0 Fighting
 - Level 2.6 Dodging
 - Level 1.7 Stealth
 + Level 5.4 Unarmed Combat


You had 3 spell levels left.
You didn't know any spells.

Dungeon Overview and Level Annotations

Branches:
Dungeon (3/15)

Altars:
Ru


Innate Abilities, Weirdness & Mutations

You are partially covered in yellow scales (AC +2).
You are hated by all.


Message History

Drink which item? (? for menu, Esc to quit)
It was a potion of agility.
You feel agile all of a sudden.
* * * LOW HITPOINT WARNING * * *
You feel sick.
The orc priest hits you but does no damage.
You are more poisoned.
You take 1 damage, and have 2/35 hp.
Drink which item? (? for menu, Esc to quit)
It was a potion of might.
You feel very mighty all of a sudden.
* * * LOW HITPOINT WARNING * * *
You feel sick. The orc priest misses you. The orc barely misses you.
You take 1 damage, and have 1/35 hp.
Drink which item? (? for menu, Esc to quit)
It was a potion of cancellation.
Your magical effects are unravelling.
You feel magically purged.
You feel a little less mighty now.
You feel a little less agile now.
You die...

.#.#..#..#.# #.# #...#....
...........#####.########...#....
.................................
.#...#.(..oo##o...##.####...#....
.#..##.##.#)##....<#.# #...#....
.#........#.##.#...#.# #...#....
...###.##.#..#.#.....# #...#....
....##.##.##.####o#### #...#....
.##.##.#####....@o...# #########
.##.##.#####..###.##.# ######
....##.............#.###...[#
###.#########.###...........# ##
#...............#
#####..##...........# #..
#...................# #..
#.......#.#.........# #.. #######
#.....#.#...........# #..


You could see an orc priest and an orc.

Vanquished Creatures
  An orc wizard (D:3)
  2 adders (D:3)
  An ooze (D:2)
  2 worms
  4 giant geckos
  An orc (D:3)
  6 goblins
  3 hobgoblins
  A ball python (D:1)
  8 bats
  2 giant newts
  5 jackals
  2 kobolds (D:2)
  9 rats
47 creatures vanquished.

Notes
Turn   | Place    | Note
--------------------------------------------------------------
     0 | D:1      | Goblin1989 the Demonspawn Monk began the quest for the Orb.
     0 | D:1      | Reached XP level 1. HP: 18/18 MP: 1/1
   165 | D:1      | Reached skill level 4 in Unarmed Combat
   353 | D:1      | Gained mutation: You are partially covered in yellow scales (AC +2). [demonic ancestry]
   353 | D:1      | Reached XP level 2. HP: 24/24 MP: 2/2
  1120 | D:2      | Reached XP level 3. HP: 22/29 MP: 3/3
  1965 | D:3      | Found a sacrificial altar of Ru.
  1971 | D:3      | Reached skill level 5 in Unarmed Combat
  1971 | D:3      | Reached XP level 4. HP: 28/35 MP: 4/4
  2002 | D:3      | Became a worshipper of Ru the Awakened
  2006 | D:3      | Gained mutation: You are hated by all. [Ru sacrifice]
  2006 | D:3      | Reached * piety under Ru
  2418 | D:3      | HP: 1/35 [poisoned by an orc priest]
  2419 | D:3      | Succumbed to an orc priest's poison

Action                   |  1- 3 |  4- 6 || total
-------------------------+-------+-------++-------
Melee: Unarmed           |   136 |    61 ||   197
Invok: Sacrifice Love    |       |     1 ||     1
  Use: Potion            |       |     4 ||     4
 Stab: Sleeping          |     8 |       ||     8
       Distracted        |     1 |       ||     1
  Eat: Chunk             |     3 |     1 ||     4
